General information
			
			
        
        - name: Local Game (debinhalencar)
 
        - type: Ladder 1vs1/FFA
 
        - host: debinhalencar
 
        - saver: debinhalencar
 
        
map: EchoIsles 
        - players: 2
 
        - length: 27:19
 
        - speed: Fast
 - version: 1.22 W3XP
 - replay type:  Public
 
» download(169 KB)
Players
        team 1 (winner) 
              
              
debinhalencar (
red | 122 APM | 3323 actions | 27:19)
              
 4 Beastmaster 
 2 Summon Quilbeast
 2 Summon Hawk
 4 Pandaren Brewmaster 
 2 Drunken Haze
 2 Drunken Brawler
 4 Naga Sea Witch 
 2 Frost Arrows
 2 Forked Lightning
 
                » actions 
                
                | Assign group hotkey | 61 |  | 
| Basic commands | 217 |  | 
| Build / train | 92 |  | 
| ESC pressed | 3 |  | 
| Enter build submenu | 16 |  | 
| Enter hero's abilities submenu | 13 |  | 
| Give item / drop item | 6 |  | 
| Remove unit from queue | 1 |  | 
| Right click | 1842 |  | 
| Select / deselect | 768 |  | 
| Select group hotkey | 177 |  | 
| Use ability | 127 |  | 
                3323 total
 » units 
                
                | Wisp | 17 |  | 
| Archer | 14 |  | 
| Druid of the Talon | 15 |  | 
| Faerie Dragon | 1 |  | 
| Ogre Mauler | 1 |  | 
| Mud Golem | 1 |  | 
| Forest Troll Berserker | 1 |  | 
| Forest Troll Shadow Priest | 2 |  | 
                52 total
 » upgrades
                
                | Druid of the Talon Training | 2 |  | 
| Nature's Blessing | 1 |  | 
                3 total
 » buildings
                
                | Altar of Elders | 1 |  | 
| Ancient of War | 1 |  | 
| Moon Well | 5 |  | 
| Tree of Ages | 2 |  | 
| Tree of Eternity | 2 |  | 
| Ancient of Wind | 2 |  | 
| Ancient of Wonders | 2 |  | 
| Tree of Life | 2 |  | 
                17 total
 » build order
                00:02 Altar of Elders
00:13 Ancient of War
00:28 Moon Well
02:31 Moon Well
02:53 Tree of Ages
02:53 Tree of Ages
05:16 Tree of Eternity
05:16 Tree of Eternity
05:29 Ancient of Wind
05:34 Moon Well
05:41 Ancient of Wonders
06:31 Moon Well
08:55 Ancient of Wind
13:46 Tree of Life
14:01 Moon Well
15:40 Ancient of Wonders
22:52 Tree of Life
» items
                
                | Circlet of Nobility | 2 |  | 
| Claws of Attack +6 | 2 |  | 
| Potion of Healing | 4 |  | 
| Potion of Mana | 2 |  | 
| Orb of Venom | 1 |  | 
                11 total
  
               team 2 (loser) 
              
              
ATempT (
green | 73 APM | 1987 actions | 27:11)
              
 4 Blademaster 
 2 Wind Walk
 2 Critical Strike
 2 Shadow Hunter 
 1 Healing Wave
 1 Hex
 
                » actions 
                
                | Assign group hotkey | 58 |  | 
| Build / train | 65 |  | 
| Enter build submenu | 28 |  | 
| Enter hero's abilities submenu | 6 |  | 
| Give item / drop item | 2 |  | 
| Remove unit from queue | 7 |  | 
| Right click | 1127 |  | 
| Select / deselect | 349 |  | 
| Select group hotkey | 234 |  | 
| Use ability | 109 |  | 
                1987 total
 » units 
                
                | Peon | 13 |  | 
| Grunt | 12 |  | 
| Raider | 6 |  | 
| Spirit Walker | 2 |  | 
                33 total
 » upgrades
                
                | Armor | 2 |  | 
| Melee Weapons | 2 |  | 
| Berserker Strength | 1 |  | 
| Ensnare | 1 |  | 
                6 total
 » buildings
                
                | Altar of Storms | 1 |  | 
| Orc Burrow | 10 |  | 
| Barracks | 1 |  | 
| War Mill | 1 |  | 
| Voodoo Lounge | 3 |  | 
| Stronghold | 2 |  | 
| Great Hall | 4 |  | 
| Beastiary | 1 |  | 
| Spirit Lodge | 1 |  | 
                24 total
 » build order
                00:04 Altar of Storms
00:20 Orc Burrow
00:37 Barracks
01:27 Orc Burrow
02:44 War Mill
03:31 Voodoo Lounge
04:33 Voodoo Lounge
05:01 Voodoo Lounge
05:15 Stronghold
05:16 Stronghold
06:22 Orc Burrow
07:15 Great Hall
07:24 Orc Burrow
09:23 Beastiary
11:24 Spirit Lodge
13:35 Orc Burrow
13:39 Orc Burrow
20:17 Orc Burrow
20:43 Orc Burrow
21:17 Orc Burrow
22:29 Great Hall
22:43 Great Hall
22:57 Great Hall
24:31 Orc Burrow
» items
                
                | Healing Salve | 6 |  | 
| Lesser Clarity Potion | 1 |  | 
| Boots of Speed | 1 |  | 
| Circlet of Nobility | 1 |  | 
| Potion of Healing | 3 |  | 
                12 total
  
                Chat log
          (00:38 / All) ATempT: S
(00:39 / All) ATempT: S
(00:39 / All) ATempT: DS
(00:39 / All) ATempT: S
(00:39 / All) ATempT: D
(00:40 / All) ATempT: DS
(00:40 / All) ATempT: S
(00:40 / All) ATempT: S
(00:40 / All) ATempT: S
(00:40 / All) debinhalencar: Q
(00:41 / All) ATempT: SD
(00:41 / All) debinhalencar: Q
(00:41 / All) ATempT: S
(00:41 / All) debinhalencar: Q
(00:42 / All) debinhalencar: Q
(00:42 / All) ATempT: DS
(00:42 / All) ATempT: S
(00:42 / All) ATempT: D
(00:42 / All) ATempT: D
(00:43 / All) ATempT: S
(00:43 / All) debinhalencar: Q???
(00:43 / All) ATempT: SD
(00:43 / All) ATempT: DS
(00:44 / All) ATempT: S
(00:44 / All) ATempT: S
(00:44 / All) ATempT: DS
(00:46 / All) ATempT: S
(00:46 / All) ATempT: D
(00:47 / All) ATempT: S
(00:48 / All) ATempT: D
(00:49 / All) ATempT: S
(00:51 / All) ATempT: S
(00:51 / All) debinhalencar: restart???
(00:51 / All) ATempT: DS
(01:03 / All) ATempT: n
(02:02 / All) debinhalencar: ????
(09:04 / All) debinhalencar: caguei o pau
(12:54 / All) debinhalencar: A
(16:57 / All) ATempT: maxu uma vez eu ouvi
(17:00 / All) ATempT: q treino
(17:04 / All) debinhalencar: ,,,
(17:05 / All) debinhalencar: maxo
(17:06 / All) debinhalencar: eu nunca
(17:06 / All) ATempT: era players do mesmo nivel
(17:06 / All) debinhalencar: fiz
(17:07 / All) debinhalencar: Isso
(17:09 / All) debinhalencar: di elfo
(17:12 / All) debinhalencar: maxo essa
(17:14 / All) debinhalencar: Foi massa
(17:17 / All) debinhalencar: eu nunca fiz isso
(17:19 / All) debinhalencar: so vendo replay
(17:20 / All) debinhalencar: D moon
(17:24 / All) debinhalencar: mas eh pq
(17:26 / All) debinhalencar: mass talon
(17:27 / All) debinhalencar: eh foda
(17:28 / All) debinhalencar: msm
(17:29 / All) ATempT: sim mah qualquer 1 faz
(17:30 / All) debinhalencar: imba
(17:32 / All) ATempT: as coisa da otra raça
(17:47 / All) ATempT: eu n matei teu bm agr
(17:48 / All) ATempT: pq n quis
(17:55 / All) debinhalencar: z..
(18:02 / All) debinhalencar: maxo
(18:03 / All) debinhalencar: axo q meu apm
(18:04 / All) debinhalencar: deu 200
(18:06 / All) debinhalencar: sem putaria
(18:07 / All) debinhalencar: eh foda
(20:46 / All) debinhalencar: RE?
(20:49 / All) debinhalencar: vo d undead
(20:52 / All) ATempT: n
(20:56 / All) ATempT: ja deu pra mim
(21:24 / All) ATempT: gado
(21:34 / All) debinhalencar: !??
(21:35 / All) debinhalencar: q foi agr
(22:58 / All) debinhalencar: tu viu
(22:59 / All) debinhalencar: akele replay
(23:01 / All) debinhalencar: q eu mi
(23:03 / All) debinhalencar: escondia??
(23:13 / All) ATempT: n
(23:26 / All) debinhalencar: ZZZ
(23:44 / All) debinhalencar: maxo
(23:45 / All) debinhalencar: teu bm
(23:47 / All) debinhalencar: tem q ficar
(23:48 / All) debinhalencar: Q nem
(23:51 / All) debinhalencar: esse meu panda
(23:52 / All) debinhalencar: aki
(24:03 / All) ATempT: ele soh n teinha claw
(24:09 / All) ATempT: tinha bota
(24:13 / All) ATempT: + cicle
(24:39 / All) debinhalencar: tu vai baxar ra3??
(24:51 / All) ATempT: dexei ontem a noite toda
(24:52 / All) ATempT: e baxo
(24:54 / All) ATempT: 5 %
(24:55 / All) ATempT: zzzz
(25:01 / All) ATempT: ai eh farewell
(25:02 / All) debinhalencar: qual torren
(25:03 / All) debinhalencar: tu pego
(25:08 / All) ATempT: sei la ma
(25:11 / All) ATempT: uns de mininova
(25:13 / All) debinhalencar: vo passar
(25:14 / All) debinhalencar: O meu
(25:17 / All) ATempT: tinha 2000 seed
(25:42 / All) ATempT: como faz pra deixa
(25:46 / All) ATempT: o controle das unit
(25:51 / All) ATempT: provisoriamente
(25:55 / All) debinhalencar: maxo
(25:57 / All) debinhalencar: eu vivo
(25:59 / All) debinhalencar: bugando
(26:00 / All) debinhalencar: isso
(26:06 / All) debinhalencar: ctrol
(26:09 / All) debinhalencar: + shift
(26:17 / All) debinhalencar: olha
(26:28 / All) ATempT: _\l/_